 Dungeon Crawl Stone Soup version 0.31.0-11-ge490571c62 (webtiles) character file.

Game seed: 13574516982770278155

1381 ProzacElf the Cudgeller (level 8, -5/62 HPs)
             Began as an Armataur Fighter on Feb 3, 2024.
             Was an Initiate of Gozag.
             Slain by a vampire (8 damage)
             ... on level 6 of the Dungeon.
             The game lasted 00:12:23 (5230 turns).

ProzacElf the Cudgeller (Armataur Fighter)          Turns: 5230, Time: 00:12:23

Health: -5/62      AC: 12    Str: 22    XL:     8   Next: 39%
Magic:  8/8        EV:  7    Int:  9    God:    Gozag
Gold:   183        SH:  0    Dex: 13    Spells: 7/7 levels left

rFire   + . .        a - +0 morningstar
rCold   + + .        c - +0 buckler
rNeg    . . .        b - +0 scale mail
rPois   +            j - +0 helmet
rElec   +            (no cloak)
rCorr   +            (no gloves)
SInv    .            (no barding)
Will    .....        e - amulet of reflection
Stlth   +            x - ring of protection from cold
HPRegen 0.30/turn    g - +4 ring of protection {=R}
MPRegen 0.11/turn

%: reflection, roll
@: confused, brilliant, resistant, attractive, hasted, very quick
A: large, deformed body, tough skin 3, armoured tail, roll 2, thin skeletal
structure 1
a: Renounce Religion, Potion Petition, Call Merchant, Bribe Branch


You were on level 6 of the Dungeon.
You worshipped Gozag.
Gozag was aware of your devotion.
You visited 1 branch of the dungeon, and saw 6 of its levels.
You also visited: Sewer.

You collected 1033 gold pieces.
You paid 850 gold pieces to Gozag.

Inventory:

Hand Weapons
 a - a +0 morningstar (weapon)
 u - a +0 flail
Missiles
 t - 7 boomerangs (quivered)
Armour
 b - a +0 scale mail (worn)
 c - a +0 buckler (worn)
 h - a +0 chain mail
 j - a +0 helmet (worn)
Jewellery
 e - an amulet of reflection (around neck)
 f - a +6 ring of intelligence
 g - a +4 ring of protection (right hand) {=R}
 w - a ring of positive energy
 x - a ring of protection from cold (left hand)
Wands
 v - a wand of digging (5)
Scrolls
 i - 6 scrolls of identify {unknown}
 m - 2 scrolls of fear {unknown}
 n - a scroll of amnesia {unknown}
 o - 3 scrolls of teleportation {unknown}
 p - a scroll of enchant weapon {unknown}
 q - a scroll of poison {unknown}
 y - 2 scrolls of vulnerability {unknown}
 z - 2 scrolls of blinking {unknown}
 D - a scroll of fog {unknown}


   Skills:
 - Level 2.6 Fighting
 + Level 7.8 Maces & Flails
 - Level 5.0 Armour
 - Level 5.0 Stealth
 - Level 5.0 Shields


You had 7 spell levels left.
You didn't know any spells.
Your spell library contained the following spells:

 Spells                   Type           Power      Damage    Failure   Level
 Sandblast                Erth           0%         2d4       77%         1
 Lesser Beckoning         Tloc           0%         N/A       88%         2
 Frozen Ramparts          Ice            0%         1d1       98%         3
 Gell's Gravitas          Tloc           0%         N/A       98%         3
 Passwall                 Erth           0%         N/A       98%         3
 Stone Arrow              Conj/Erth      0%         3d7       98%         3
 Teleport Other           Tloc           0%         N/A       98%         3
 Animate Armour           Summ/Erth      0%         N/A       100%        4
 Brom's Barrelling Bould  Conj/Erth      0%         2d3       100%        4
 Leda's Liquefaction      Alch/Erth      0%         N/A       100%        4
 Petrify                  Alch/Erth      0%         N/A       100%        4
 Summon Lightning Spire   Summ/Air       0%         N/A       100%        4
 Lee's Rapid Deconstruct  Erth           0%         3d4*      100%        5
 Metabolic Englaciation   Hex/Ice        0%         N/A       100%        5
 Haunt                    Necr/Summ      0%         N/A       100%        7
 Malign Gateway           Summ/Tloc      0%         N/A       100%        7
 Infestation              Necr           0%         N/A       100%        8
 Summon Horrible Things   Summ           0%         N/A       100%        8
 Animate Dead             Necr           Unusable   N/A       N/A         4

Dungeon Overview and Level Annotations

Branches:
Dungeon (6/15)              Sewer (visited)
 Temple: D:4-7

Altars:
Gozag
Wu Jian
Xom

Shops:
D:6 [

Annotations:
D:6 1 transporter, mooti9's ghost, novice MfGl


Innate Abilities, Weirdness & Mutations

Armour fits poorly on your strangely shaped body.
You have extremely tough skin. (AC +3)
You have a long armoured tail.
You regenerate magic and health when rolling toward enemies. (Rampage Regen)
You have a somewhat thin skeletal structure. (Dex +2, Stealth+)


Message History

* * * LOW HITPOINT WARNIN'
* * * Somethin' draws str'ngth from yer injuries!
Ye take 5 damage, an' haf 12/62 hp.
Ye miss somethin'.
Ye closely miss somethin'.
Yer tail-slap misses somethin'.
Somethin' hits ye but does nay damage.
Somethin' bites ye but does nay damage.
Ye completely miss somethin'.
Somethin' hits ye.
* * * LOW HITPOINT WARNIN'
* * * Somethin' bites ye but does nay damage.
Ye take 1 damage, an' haf 12/62 hp.
Ye puncture somethin'!
Somethin' hits ye but does nay damage.
Somethin' bites ye but does nay damage.
Ye miss somethin'.
Yer tail-slap misses somethin'.
Somethin' hits ye but does nay damage.
Somethin' bites ye.
* * * LOW HITPOINT WARNIN'
* * * Somethin' draws str'ngth from yer injuries!
Ye take 1 damage, an' haf 11/62 hp.
Ye completely miss somethin'.
Ye hear some strange, mumbled words.
Ye be confused.
It was a potion o' resistance.
Ye feel protected.
It was a potion o' mutation.
Ye feel 'stremely strange.
Yer bones become slightly less dense.
Somethin' hits ye but does nay damage.
Somethin' bites ye but does nay damage.
It was a potion o' brilliance.
Ye feel more cle'er all o' a sudd'n.
Somethin' hits ye!
* * * LOW HITPOINT WARNIN'
* * * Somethin' bites ye.
* * * LOW HITPOINT WARNIN'
* * * Somethin' draws str'ngth from yer injuries!
Ye take 8 damage, an' haf 3/62 hp.
Ye bump inta tha rock wall.
Somethin' hits ye but does nay damage.
Somethin' bites ye but does nay damage.
Ye bump inta tha rock wall.
A vampire appears from thin air!
Reactivatin' autopickup.
Tha vampire hits ye!
Ye die...
Yer body crumbles inta a pile o' gold.

.##.######..##..####.#
.##.........##..## #.#
..>..............###.#
#.##..........#...##.#
#.# ....#####.....##.#
#.. ##### #####.##.#
###. +....# ##### .
#####..#.###...# .
#...@.##<......#
.......#V########...#
## ###.####.### ##.##
#. ...........# #.# #.
########..## #.## #.
#..#OO.. #..### #.
#..#WO## #....# #.
...#.#.. #..#.# ##
#..#.#..# #.##.#


You could see a vampire.

Vanquished Creatures
  An ogre (D:6)
  A phantom (D:5)
  A bullfrog (D:6)
  2 brain worms (Sewer)
  4 scorpions
  3 bombardier beetles
  4 orc priests (D:5)
  3 hounds
  3 sleepcaps
  Jessica (D:3)
  2 orc wizards (D:5)
  An iguana (D:4)
  3 gnolls (D:5)
  2 river rats (Sewer)
  15 adders
  A white imp (D:5)
  2 dart slugs
  4 ribbon worms
  13 orcs (D:5)
  10 ball pythons
  2 bats
  8 endoplasms
  7 giant cockroaches
  8 goblins
  2 hobgoblins
  8 jackals (D:2)
  3 kobolds
  6 quokkas
  5 frilled lizards
  6 rats
131 creatures vanquished.

Vanquished Creatures (others)
  An orc (D:5)
1 creature vanquished.

Grand Total: 132 creatures vanquished

Notes
Turn   | Place    | Note
-------+----------+-------------------------------------------
     0 | D:1      | ProzacElf the Armataur Fighter began the quest for the Orb.
     0 | D:1      | Reached XP level 1. HP: 18/18 MP: 1/1
    68 | D:1      | Reached skill level 2 in Maces & Flails
   159 | D:1      | Reached skill level 1 in Stealth
   179 | D:1      | Reached XP level 2. HP: 25/25 MP: 2/2
   674 | D:2      | Reached XP level 3. HP: 30/30 MP: 3/3
   907 | D:2      | Found a faded altar of an unknown god.
   919 | D:2      | Prayed at the altar of an unknown god.
   919 | D:2      | Became a worshipper of Gozag Ym Sagoz the Greedy
  1358 | D:3      | Reached skill level 3 in Maces & Flails
  1415 | D:3      | Reached XP level 4. HP: 37/37 MP: 4/4
  1433 | D:3      | Noticed Jessica
  1436 | D:3      | Killed Jessica
  1659 | D:3      | Reached XP level 5. HP: 29/42 MP: 5/5
  2178 | D:4      | Reached skill level 4 in Maces & Flails
  2328 | D:4      | Found a shimmering altar of Xom.
  2328 | D:4      | Found a shimmering altar of Xom.
  2331 | D:4      | Found a shimmering altar of Xom.
  2364 | D:4      | Reached skill level 5 in Stealth
  2364 | D:4      | Reached XP level 6. HP: 50/50 MP: 6/6
  2765 | D:5      | Entered Level 5 of the Dungeon
  2905 | D:5      | Reached skill level 5 in Maces & Flails
  3092 | D:5      | Reached skill level 5 in Armour
  3092 | D:5      | Gained mutation: You regenerate magic and health when
                  | rolling toward enemies. (Rampage Regen) [Armataur growth]
  3092 | D:5      | Reached XP level 7. HP: 42/56 MP: 7/7
  3452 | D:5      | Found an ornate altar of the Wu Jian Council.
  3674 | D:5      | Reached skill level 6 in Maces & Flails
  3888 | D:6      | Found a glowing drain.
  3908 | Sewer    | Entered a sewer
  4071 | Sewer    | Reached skill level 5 in Shields
  4329 | Sewer    | Reached XP level 8. HP: 62/62 MP: 8/8
  4581 | D:6      | Reached skill level 7 in Maces & Flails
  5123 | D:6      | Found Qifraotano's Armour Emporium.
  5162 | D:6      | Found a transporter.
  5163 | D:6      | Identified the +9 dire flail "Delany" {venom, rN+}
  5163 | D:6      | Noticed a two-headed ogre
  5163 | D:6      | Noticed mooti9's ghost (novice MfGl)
  5226 | D:6      | Gained mutation: You have a somewhat thin skeletal
                  | structure. (Dex +2, Stealth+) [potion of mutation]
  5227 | D:6      | HP: 3/62 [something (2)]
  5230 | D:6      | Slain by a vampire

Illustrated notes

Levels and vault maps discovered:
D:1:      elethiomel_arrival_maze, layout_rooms, amcnicky_mini_pool_small,
          nicolae_kite_square_tiling_tiny
D:2:      layout_loops_cross, shapermc_ecumenical_altar_notcrosses
D:3:      layout_loops_cross, uniq_jessica
D:4:      layout_gridville, xom_redecorated
D:5:      layout_rooms, lemuel_tele_altar, kennysheep_generic_room_6
D:6:      layout_loops_ring, mainiacjoe_overflow_surrounded_room,
          gammafunk_ghost_smash, gup_sewer_entry_bubbles, serial_shops,
          nicolae_shop_window_shopping, serial_library_hellmonk_reading_circle

Skill      XL: |  1  2  3  4  5  6  7  8 |
---------------+-------------------------+-----
Maces & Flails | 2 3 4 5 6 7 |  7.8
Stealth        | 1 2 3 5 |  5.0
Armour         | 5 |  5.0
Shields        | 5 |  5.0
Fighting       | |  2.6

Action                     |  1- 3 |  4- 6 |  7- 9 || total
---------------------------+-------+-------+-------++-------
  Melee: Flail             |   110 |   138 |    11 ||   259
         Tailslap          |     9 |    15 |    26 ||    50
         Morningstar       |       |       |   225 ||   225
 Invoke: Potion Petition   |       |     1 |     1 ||     2
    Use: Potion            |       |     1 |    11 ||    12
   Stab: Sleeping          |       |     1 |     3 ||     4
         Distracted        |       |       |     2 ||     2
 Armour: Scale mail        |    56 |    72 |   198 ||   326
  Dodge: Dodged            |    19 |    36 |    36 ||    91
  Block: Buckler           |    60 |    69 |    89 ||   218
         Reflection        |       |     9 |       ||     9

Action                     |  1- 3 |  4- 6 |  7- 9 || total
---------------------------+-------+-------+-------++-------
  Melee: Flail             |   110 |   138 |    11 ||   259
         Tailslap          |     9 |    15 |    26 ||    50
         Morningstar       |       |       |   225 ||   225
 Invoke: Potion Petition   |       |     1 |     1 ||     2
    Use: Potion            |       |     1 |    11 ||    12
   Stab: Sleeping          |       |     1 |     3 ||     4
         Distracted        |       |       |     2 ||     2
 Armour: Scale mail        |    56 |    72 |   198 ||   326
  Dodge: Dodged            |    19 |    36 |    36 ||    91
  Block: Buckler           |    60 |    69 |    89 ||   218
         Reflection        |       |     9 |       ||     9

Levels and vault maps discovered:
D:1:      elethiomel_arrival_maze, layout_rooms, amcnicky_mini_pool_small,
          nicolae_kite_square_tiling_tiny
D:2:      layout_loops_cross, shapermc_ecumenical_altar_notcrosses
D:3:      layout_loops_cross, uniq_jessica
D:4:      layout_gridville, xom_redecorated
D:5:      layout_rooms, lemuel_tele_altar, kennysheep_generic_room_6
D:6:      layout_loops_ring, mainiacjoe_overflow_surrounded_room,
          gammafunk_ghost_smash, gup_sewer_entry_bubbles, serial_shops,
          nicolae_shop_window_shopping, serial_library_hellmonk_reading_circle
